 Dungeon Crawl Stone Soup version 0.22-a0-512-g0943f25 (webtiles) character file.

86 Caeligo the Charmwright (level 4, 0/29 HPs)
             Began as a Halfling Skald on June 18, 2018.
             Was an Initiate of Elyvilon.
             Slain by a scorpion (3 damage)
             ... on level 3 of the Dungeon.
             The game lasted 00:12:57 (2791 turns).

Caeligo the Charmwright (Halfling Skald)            Turns: 2791, Time: 00:12:57

Health: 0/29       AC:  3    Str: 12    XL:     4   Next: 78%
Magic:  3/6        EV: 14    Int: 12    God:    Elyvilon [......]
Gold:   122        SH:  0    Dex: 13    Spells: 3/6 levels left

rFire    . . .     SeeInvis .   l - +0 spear (flame)
rCold    . . .     Gourm    .   (shield restricted)
rNeg     . . .     Faith    .   b - +0 leather armour
rPois    +         Spirit   .   (no helmet)
rElec    .         Reflect  .   (no cloak)
rCorr    .         Harm     .   (no gloves)
MR       .....                  (no boots)
Stlth    +.........             (no amulet)
HPRegen  0.09/turn              h - ring of poison resistance
MPRegen  0.10/turn              (no ring)

@: infused (expiring)
A: small, mutation resistance 1
a: Renounce Religion


You were on level 3 of the Dungeon.
You worshipped Elyvilon.
Elyvilon was noncommittal.
You were not hungry.

You visited 1 branch of the dungeon, and saw 3 of its levels.

You collected 122 gold pieces.

Inventory:

Hand Weapons
 a - a +0 falchion
 l - a +0 spear of flaming (weapon)
Armour
 b - a +0 leather armour (worn)
Jewellery
 h - a ring of poison resistance (left hand)
Scrolls
 c - 3 scrolls of identify
 e - a scroll of noise {unknown}
 f - 2 scrolls of teleportation {unknown}
 i - 3 scrolls of immolation {unknown}
 k - a scroll of magic mapping {unknown}
 m - a scroll of amnesia {unknown}
 n - a scroll of enchant weapon {unknown}
 o - a scroll of enchant armour {unknown}
 q - 2 scrolls of remove curse {unknown}
Potions
 g - a potion of cancellation
 p - a potion of heal wounds {unknown}
Comestibles
 d - 4 rations
 j - 6 chunks of flesh


   Skills:
 - Level 1.7 Fighting
 + Level 3.1 Long Blades
 + Level 2.7 Armour
 - Level 2.1 Dodging
 - Level 1.5 Spellcasting
 + Level 4.2 Charms


You had 3 spell levels left.
You knew the following spells:

 Your Spells              Type           Power        Failure   Level  Hunger
a - Infusion              Chrm           ##..         6%          1    ##.....
b - Song of Slaying       Chrm           ##......     10%         2    ###....

Your spell library contained the following spells:

 Spells                   Type           Power        Failure   Level  Hunger
 Regeneration             Chrm/Necr      #.........   43%         3    ####...
 Shroud of Golubria       Chrm/Tloc      #.........   24%         2    ###....
 Spectral Weapon          Hex/Chrm       #.......     43%         3    ####...


Dungeon Overview and Level Annotations

Branches:
Dungeon (3/15)

Altars:
Ashenzari
Elyvilon
Okawaru
Ru


Innate Abilities, Weirdness & Mutations

You are small and have problems with some larger weapons.
You are somewhat resistant to further mutation.


Message History

Your magical infusion is running out.
The scorpion stings you.
You hit the scorpion. You burn the scorpion.
The scorpion is severely wounded.
The scorpion misses you.
You closely miss the scorpion.
The scorpion is severely wounded.
The scorpion stings you!
* * * LOW HITPOINT WARNING * * *
You are too injured to fight recklessly!
You are too injured to fight recklessly!
You hit the scorpion. You burn the scorpion.
The scorpion is severely wounded.
The scorpion barely misses you. The scorpion stings you.
* * * LOW HITPOINT WARNING * * *
Okay, then.
You closely miss the scorpion.
The scorpion is severely wounded.
The scorpion stings you.
You die...

#.#≈...≈#..###.......
#.#≈._.≈#....+.......
#.#≈...≈#.####.......
#.#.≈≈≈.#.# #......
#.#.....#.# ##.....
##.#...#.## ##...#
##.#.#..# ##'##
#..#...#### #.#
#.@.......# #.#
#s###.###.# ##.## #.#
#.###.#####...# #.#
#.##........... #.#
#.......#.....# #.#
####..#.#..#.## #.
#..#.#..#.## #.
#####..#........
.............#.##


You could see a scorpion.

Vanquished Creatures
  2 adders (D:2)
  An ooze (D:1)
  2 worms
  A dart slug (D:1)
  A leopard gecko (D:3)
  2 giant cockroaches
  6 goblins
  6 hobgoblins
  8 jackals
  A ball python (D:3)
  6 bats
  6 frilled lizards
  4 kobolds
  12 rats
58 creatures vanquished.

Notes
Turn   | Place    | Note
-------+----------+-------------------------------------------
     0 | D:1      | Caeligo the Halfling Skald began the quest for the Orb.
     0 | D:1      | Reached XP level 1. HP: 14/14 MP: 3/3
    38 | D:1      | Reached XP level 2. HP: 17/19 MP: 0/4
   573 | D:1      | Reached XP level 3. HP: 22/24 MP: 5/5
  1403 | D:2      | Learned a level 2 spell: Song of Slaying
  1627 | D:2      | Found an iron altar of Okawaru.
  1822 | D:2      | Found a shattered altar of Ashenzari.
  1826 | D:2      | Reached XP level 4. HP: 29/29 MP: 1/6
  1917 | D:2      | Reached skill level 4 in Charms
  2237 | D:2      | Found a white marble altar of Elyvilon.
  2256 | D:2      | Became a worshipper of Elyvilon the Healer
  2746 | D:3      | Found a sacrificial altar of Ru.
  2791 | D:3      | Slain by a scorpion

Vault maps used:
D:1:      eino_arrival_tree_alley, nrook_mini_vaults
D:2:      ashenzari_altar_1, okawaru_ov_weapons_minmay, elyvilon_altar_5,
          first_ration
D:3:      nemelex_xobeh_ov_fountains_minmay, nicolae_ru_awakened_eye,
          st_stairs_1, bloody_trog, uniq_crazy_yiuf_cottage

Skill      XL: |  1  2  3  4 |
---------------+-------------+-----
Armour         | 2 |  2.7
Charms         | 4 |  4.2
Long Blades    | 3 |  3.1
Fighting       | |  1.7
Dodging        | |  2.1
Spellcasting   | |  1.5

Action                   |  1- 3 |  4- 6 || total
-------------------------+-------+-------++-------
Melee: Falchion          |    98 |       ||    98
       Spear             |    18 |    84 ||   102
 Cast: Infusion          |     8 |     6 ||    14
       Song of Slaying   |     3 |     1 ||     4
  Use: Scroll            |       |     3 ||     3
       Potion            |       |     1 ||     1
 Stab: Sleeping          |     1 |       ||     1
  Eat: Chunk             |     4 |     3 ||     7
Armor: Leather armour    |    29 |    12 ||    41
Dodge: Dodged            |   120 |    50 ||   170
       Rpst.: Falchion   |    31 |       ||    31

Table legend:
 A = Spawn XP
 B = Non-spawn XP
 C = Spawn XP percentage of total XP
 D = Spawn monster count
 E = Non-spawn monster count
 F = Spawn count percentage of total count
 G = Total turns spent on level
                    A         B        C        D         E        F      G
               +---------+---------+-------+---------+---------+-------+---------
         Total |       0 |     124 |   0.0 |       0 |      58 |   0.0 |  2791
               +---------+---------+-------+---------+---------+-------+---------
           D:1 |       0 |      41 |   0.0 |       0 |      23 |   0.0 |  1228
           D:2 |       0 |      66 |   0.0 |       0 |      26 |   0.0 |  1159
           D:3 |       0 |      17 |   0.0 |       0 |       9 |   0.0 |   404
               +---------+---------+-------+---------+---------+-------+---------
